 Dungeon Crawl Stone Soup version 0.20-a0-454-g2b43fbb (webtiles) character file.

53 HeyBub the Stinger (level 3, -5/24 HPs)
             Began as a Demonspawn Venom Mage on Jan 8, 2017.
             Slain by a gnoll
             ... wielding a +0 club
              (7 damage)
             ... on level 2 of the Dungeon.
             The game lasted 00:03:48 (995 turns).

HeyBub the Stinger (Demonspawn Venom Mage)           Turns: 995, Time: 00:03:49

Health: -5/24      AC:  2    Str:  8    XL:     3   Next: 62%
Magic:  5/6        EV: 12    Int: 17    God:
Gold:   56         SH:  0    Dex: 13    Spells: 6/7 levels left

rFire  . . .     SeeInvis .     e - +0 hand axe
rCold  . . .     Gourm    .     a - +0 robe
rNeg   . . .     Faith    .     (no shield)
rPois  .         Spirit   .     (no helmet)
rElec  .         Reflect  .     (no cloak)
rCorr  .         Harm     .     (no gloves)
MR     .....                    (no boots)
Stlth  ++........               g - amulet of magic regeneration
                                (no ring)
                                (no ring)

@: very slightly contaminated
A: powered by death 1
a: no special abilities


You were on level 2 of the Dungeon.
You were hungry.

You visited 1 branch of the dungeon, and saw 2 of its levels.

You collected 56 gold pieces.

Inventory:

Hand Weapons
 e - a +0 hand axe (weapon)
Missiles
 i - 4 javelins (quivered)
Armour
 a - a +0 robe (worn)
Jewellery
 g - an amulet of magic regeneration (around neck)
Scrolls
 f - a scroll of blinking {unknown}
 j - a scroll of remove curse {unknown}
 k - a scroll of identify
 l - a scroll of teleportation {unknown}
 m - a scroll of random uselessness {unknown}
Potions
 d - a potion of curing
 h - a potion of berserk rage {unknown}
Books
 b - a Young Poisoner's Handbook

   Spells                             Type                      Level
   a - Sting                          Conjuration/Poison           1
   b - Poisonous Vapours              Poison/Air                   2
   c - Mephitic Cloud                 Conjuration/Poison/Air       3
   d - Olgreb's Toxic Radiance        Poison                       4
   e - Venom Bolt                     Conjuration/Poison           5
Comestibles
 c - 2 bread rations
 n - a fruit


   Skills:
 + Level 0.6 Throwing
 + Level 1.9 Dodging
 + Level 2.0 Stealth
 + Level 2.5 Spellcasting
 + Level 1.2 Conjurations
 + Level 3.8 Poison Magic


You had 6 spell levels left.
You knew the following spells:

 Your Spells              Type           Power        Failure   Level  Hunger
a - Sting                 Conj/Pois      ##..         10%         1    #......


Dungeon Overview and Level Annotations

Branches:
Dungeon (2/15)

Altars:


Innate Abilities, Weirdness & Mutations

You regenerate a little health from kills.


Message History

Aiming: Sting
Press: ? - help, Shift-Dir - straight line, f/p - gnoll
Aim: a gnoll, wielding a spear (moderately wounded, poisoned)
The sting hits the gnoll.
The gnoll appears unharmed.
The gnoll is moderately wounded.
The gnoll barely misses you.
Casting: Sting
Confirm with . or Enter, or press ? or * to list all spells.
Aiming: Sting
Press: ? - help, Shift-Dir - straight line, f/p - gnoll
Aim: a gnoll, wielding a spear (moderately wounded, poisoned)
The sting hits the gnoll.
The gnoll looks even sicker.
The gnoll is severely wounded.
The gnoll hits you from afar with a spear.
You struggle against the net.
The gnoll barely misses you.
The gnoll hits you from afar with a spear!
* * * LOW HITPOINT WARNING * * *
You shred the net and break free! The gnoll barely misses you.
The gnoll hits you with a club!
You die...

#.#g.# #w.g.# #####.#
# # #...gg#
.#<##.#.#####
......#)#####..# #.#
#..g........
#....#.#g########
#....#.#@#
.....#.#.#####
#...#.......#
#......####.#
#.#.......#
#######.#.##.##.##
#.....#.#........+
####.....#.#..#.###.#
...†.....')...#... .#


You could see 2 gnolls.

Vanquished Creatures
  2 gnolls (D:2)
  2 worms
  A bat (D:1)
  2 giant cockroaches (D:1)
  3 goblins
  4 hobgoblins
  3 jackals (D:1)
  A quokka (D:2)
  5 frilled lizards (D:1)
  2 kobolds (D:1)
  2 rats (D:1)
27 creatures vanquished.

Notes
Turn   | Place    | Note
-------+----------+-------------------------------------------
     0 | D:1      | HeyBub the Demonspawn Venom Mage began the quest for the Orb.
     0 | D:1      | Reached XP level 1. HP: 13/13 MP: 3/3
   236 | D:1      | Gained mutation: You regenerate a little health from kills. [demonic ancestry]
   236 | D:1      | Reached XP level 2. HP: 19/19 MP: 0/5
   904 | D:2      | Reached XP level 3. HP: 23/24 MP: 6/6
   995 | D:2      | Slain by a gnoll

Vault maps used:
D:1:      dpeg_arrival_rhombi
D:2:      first_bread, nicolae_dithmenos_through_a_glass_darkly

Skill      XL: |  1  2  3 |
---------------+----------+-----
Stealth        | 2 |  2.0
Throwing       | |  0.6
Dodging        | |  1.9
Spellcasting   | |  2.5
Conjurations   | |  1.2
Poison Magic   | |  3.8

Action                   || total
-------------------------++-------
Melee: Hand axe          ||     5
Throw: Javelin           ||    42
 Cast: Sting             ||    30
  Use: Scroll            ||     1
Armor: Robe              ||     3
Dodge: Dodged            ||    27
